 Dungeon Crawl Stone Soup version 0.28-a0-563-gf77a47075d (webtiles) character file.

Game seed: 2384371069755940363

84 jlumianski the Covered (level 4, -2/34 (40) HPs)
             Began as a Hill Orc Fighter on Sept 29, 2021.
             Slain by a necrophage (3 damage)
             ... on level 3 of the Dungeon.
             The game lasted 00:13:26 (2296 turns).

jlumianski the Covered (Hill Orc Fighter)           Turns: 2296, Time: 00:13:26

HP:   -2/34 (40)    AC:  9    Str: 19    XL:     4   Next: 46%
MP:   4/4           EV:  9    Int:  8    God:
Gold: 69            SH:  4    Dex: 10    Spells: 3/3 levels left

rFire   . . .      SeeInvis .   a - +0 rapier
rCold   . . .      Faith    .   c - +0 buckler
rNeg    . . .      Spirit   .   b - +0 scale mail
rPois   .          Reflect  .   h - +0 helmet
rElec   .          Harm     .   (no cloak)
rCorr   .          Rampage  .   (no gloves)
Will    .....                   j - +0 pair of boots
Stlth   ..........              (no amulet)
HPRegen 0.11/turn               (no ring)
MPRegen 0.09/turn               (no ring)

@: heavily drained
A: no striking features
a: no special abilities


You were on level 3 of the Dungeon.
You visited 1 branch of the dungeon, and saw 3 of its levels.

You collected 69 gold pieces.

Inventory:

Hand Weapons
 a - a +0 rapier (weapon)
 o - a +0 hunting sling
Missiles
 f - 59 stones (quivered)
Armour
 b - a +0 scale mail (worn)
 c - a +0 buckler (worn)
 h - a +0 helmet (worn)
 j - a +0 pair of boots (worn)
Jewellery
 k - an amulet of reflection
Scrolls
 e - a scroll of vulnerability {unknown}
 i - a scroll of silence {unknown}
 n - 2 scrolls of identify {unknown}
Potions
 d - a potion of might
 g - a potion of degeneration {unknown}
 l - 2 potions of curing {unknown}
 m - a potion of lignification {unknown}
 p - a potion of brilliance {unknown}


   Skills:
 + Level 3.6 Fighting
 + Level 3.0 Short Blades
 + Level 0.4 Throwing
 + Level 4.3 Armour
 + Level 0.4 Dodging
 + Level 3.6 Shields


You had 3 spell levels left.
You didn't know any spells.
Your spell library contained the following spells:

 Spells                   Type           Power      Damage    Failure   Level
 Animate Skeleton         Necr           0%         N/A       78%         1
 Apportation              Tloc           0%         N/A       78%         1
 Summon Small Mammal      Summ           0%         N/A       78%         1


Dungeon Overview and Level Annotations

Branches:
Dungeon (3/15)

Altars:
Trog

Shops:
D:1 (


Message History

The frilled lizard barely misses you. The necrophage completely misses you.
The kobold hits you with a +0 short sword.
* * * LOW HITPOINT WARNING * * *
The necrophage hits you but does no damage.
The frilled lizard barely misses you. The kobold closely misses you.
You block the necrophage's attack. The frilled lizard bites you.
* * * LOW HITPOINT WARNING * * *
The kobold hits you but does no damage.
The necrophage hits you but does no damage.
The frilled lizard completely misses you.
The kobold hits you with a +0 short sword.
* * * LOW HITPOINT WARNING * * *
The necrophage hits you but does no damage.
The frilled lizard bites you but does no damage.
The kobold closely misses you.
The frilled lizard bites you but does no damage.
You block the necrophage's attack.
The kobold hits you with a +0 short sword.
* * * LOW HITPOINT WARNING * * *
The necrophage hits you.
* * * LOW HITPOINT WARNING * * *
The frilled lizard bites you.
* * * LOW HITPOINT WARNING * * *
The kobold hits you but does no damage. You block the necrophage's attack.
The frilled lizard barely misses you.
The kobold hits you with a +0 short sword.
* * * LOW HITPOINT WARNING * * *
The necrophage closely misses you.
The frilled lizard bites you but does no damage.
The kobold hits you but does no damage. The necrophage closely misses you.
The frilled lizard bites you but does no damage.
The kobold barely misses you.
The frilled lizard unfolds its giant frill.
You block the frilled lizard's attack. The necrophage barely misses you.
The kobold barely misses you.
The necrophage hits you but does no damage.
The frilled lizard barely misses you. The kobold hits you but does no damage.
The necrophage hits you.
You die...

#.# #.# ## #.#
... #.## ....
#.. ##...####
#.#
........######K#
#......l@#
#.######n# #.#
#.# #.# #..
##.## ###. #...#
)# #...# # #...#
#####...#####


You could see a necrophage, a kobold and a frilled lizard.

Vanquished Creatures
  3 gnolls (D:2)
  An adder (D:2)
  A worm (D:2)
  An endoplasm (D:1)
  3 goblins
  4 hobgoblins
  10 jackals
  3 kobolds
  3 quokkas
  6 ball pythons
  3 bats
  A frilled lizard (D:1)
  A rat (D:2)
40 creatures vanquished.

Notes
Turn   | Place    | Note
-------+----------+-------------------------------------------
     0 | D:1      | jlumianski the Hill Orc Fighter began the quest for the
                  | Orb.
     0 | D:1      | Reached XP level 1. HP: 19/19 MP: 1/1
    81 | D:1      | Found a faded altar of an unknown god.
    89 | D:1      | Found Cacubem's Antique Weapon Boutique.
   131 | D:1      | Reached XP level 2. HP: 19/26 MP: 2/2
   415 | D:2      | Reached skill level 4 in Armour
   415 | D:2      | Reached XP level 3. HP: 22/33 MP: 3/3
   936 | D:1      | Reached XP level 4. HP: 40/40 MP: 4/4
  1733 | D:2      | Found a bloodstained altar of Trog.
  2267 | D:3      | Noticed a necrophage
  2291 | D:3      | HP: 1/34 [kobold (2)]
  2296 | D:3      | Slain by a necrophage

Illustrated notes

Levels and vault maps discovered:
D:1:      tarquinn_simple_flora_water_c, layout_basic, serial_shops, shop,
          chequers_ecumenical_altar_simple_redux
D:2:      layout_basic, basic_altar, lemuel_old_faithful
D:3:      layout_loops_cross

Skill      XL: |  1  2  3  4 |
---------------+-------------+-----
Armour         | 4 |  4.3
Short Blades   | 3 |  3.0
Fighting       | |  3.6
Throwing       | |  0.4
Dodging        | |  0.4
Shields        | |  3.6

Action                   |  1- 3 |  4- 6 || total
-------------------------+-------+-------++-------
Melee: Rapier            |    92 |    47 ||   139
Throw: Stone             |     7 |       ||     7
Armor: Scale mail        |    64 |    67 ||   131
Dodge: Dodged            |    57 |    82 ||   139
Block: Buckler           |    33 |    42 ||    75

Table legend: (Time is in decaauts)
 A = Elapsed time spent in this place.
 B = Non-inter-level travel time spent in this place.
 C = Inter-level travel time spent in this place.
 D = Time resting spent in this place.
 E = Time spent auto-exploring this place.
 F = Levels seen in this place.
 G = Mean time per level.
                   A        B        C        D        E       F      G
               +--------+--------+--------+--------+--------+-----+--------+
         Total |   2312 |   2284 |     28 |      0 |   1465 |   3 |  770.7 |
       Dungeon |   2312 |   2284 |     28 |      0 |   1465 |   3 |  770.7 |
               +--------+--------+--------+--------+--------+-----+--------+

Top non-repeatable levels by time:
     D:2: 1193 daAuts
     D:1: 1002 daAuts
     D:3: 116 daAuts
